 Dungeon Crawl Stone Soup version 0.31.0-9-g3a7656b989 (webtiles) character file.

Game seed: 7573766140297241032

249 qw the Skirmisher (level 5, -1/30 HPs)
             Began as a Deep Elf Hunter on Feb 2, 2024.
             Was an Initiate of Okawaru.
             Slain by a gnoll
             ... wielding a +0 flail
             ... led by a gnoll sergeant
              (5 damage)
             ... on level 5 of the Dungeon.
             The game lasted 00:00:17 (3226 turns).

qw the Skirmisher (Deep Elf Hunter)                 Turns: 3226, Time: 00:00:17

Health: -1/30      AC:  8    Str: 10    XL:     5   Next: 86%
Magic:  7/7        EV: 16    Int: 17    God:    Okawaru [......]
Gold:   178        SH:  0    Dex: 18    Spells: 4/4 levels left

rFire   . . .        a - +0 shortbow
rCold   . . .        (shield currently unavailable)
rNeg    . . .        e - +2 ring mail
rPois   .            c - +0 helmet {Int+3}
rElec   .            (no cloak)
rCorr   .            (no gloves)
SInv    .            (no boots)
Will    .....        (no amulet)
Stlth   +            b - +5 ring of evasion
HPRegen 0.25/turn    (no ring)
MPRegen 0.10/turn

%: no passive effects
@: no status effects
A: no striking features
a: Renounce Religion


You were on level 5 of the Dungeon.
You worshipped Okawaru.
Okawaru was noncommittal.
You visited 2 branches of the dungeon, and saw 6 of its levels.

You collected 178 gold pieces.


   Skills:
 - Level 2.0 Fighting
 + Level 9.2 Ranged Weapons
 - Level 2.4 Dodging
 - Level 1.2 Stealth


You had 4 spell levels left.
You didn't know any spells.
Your spell library was empty.

Inventory:

Hand Weapons
 a - a +0 shortbow (weapon)
Armour
 c - a +0 helmet of intelligence (worn)
 e - a +2 ring mail (worn)
Jewellery
 b - a +5 ring of evasion (left hand)
 d - a ring of fire
Potions
 f - a potion of might
 g - a potion of curing
 h - a potion of degeneration {unknown}
 j - a potion of enlightenment

Dungeon Overview and Level Annotations

Branches:
Dungeon (5/15)             Temple (1/1) D:5

Altars:
Dithmenos
Elyvilon
Gozag
Hepliaklqana
Kikubaaqudgha
Makhleb
Nemelex Xobeh
Okawaru
Ru
Sif Muna
Trog
Uskayaw
Wu Jian
The Shining One


Message History

The gnoll shouts!
You hear a shout! x3
A gnoll comes into view. It is wielding a +0 flail.
The gnoll moves out of view.
You hear a shout!
You shoot an arrow. The gnoll shouts!
The arrow hits the gnoll!
The gnoll is severely wounded.
A dart slug, a gnoll sergeant and 3 gnolls come into view.
The gnoll sergeant is wielding a +0 trident of distortion.
The gnoll sergeant shouts!
The gnoll shouts!
You hear a bark!
3218 ||| RETREEEEATING.
You shoot an arrow. The arrow hits the gnoll!
The gnoll is heavily wounded.
The gnoll hits you with a +0 whip!
You shoot an arrow. The arrow hits the gnoll.
The gnoll is almost dead.
The gnoll hits you but does no damage.
3221 ||| RETREEEEATING.
You shoot an arrow. The arrow hits the gnoll sergeant.
The gnoll sergeant is moderately wounded.
You shoot an arrow.
The arrow hits the gnoll sergeant but does no damage.
The gnoll sergeant is moderately wounded.
The gnoll sergeant hits you from afar with a +0 trident of distortion.
You blink.
A hound comes into view.
The gnoll hits you with a +0 flail!
You shoot an arrow. The arrow hits the gnoll!
The gnoll is heavily wounded.
The gnoll hits you but does no damage. The gnoll hits you with a +0 flail!
The dart slug launches a dart at you.
The slug dart hits you but does no damage.
You shoot an arrow. The arrow hits the gnoll.
The gnoll is severely wounded.
The gnoll hits you but does no damage. The dart slug barely misses you.
You shoot an arrow. The arrow barely misses the gnoll.
The gnoll hits you with a +0 club. The gnoll hits you with a +0 halberd.
The gnoll hits you with a +0 flail.
You die...

#..# #.##
#.# #.# .
#.#
..######g#
#......g.#
###..wgg##
#..hg@g.#
#.$.....#
#..$....#
##.....##
#.......
#.......#
#.......#
##.....##


You could see a gnoll sergeant, a hound, 5 gnolls and a dart slug.

Vanquished Creatures
  A jelly (D:5)
  An orc wizard (D:5)
  7 adders
  4 gnolls (D:4)
  3 dart slugs
  3 orcs (D:5)
  8 ball pythons
  5 bats
  8 endoplasms
  4 giant cockroaches
  7 goblins
  7 hobgoblins
  8 jackals
  4 quokkas
  2 frilled lizards
  7 kobolds
  6 rats
85 creatures vanquished.

Notes
Turn   | Place    | Note
-------+----------+-------------------------------------------
     0 | D:1      | qw the Deep Elf Hunter began the quest for the Orb.
     0 | D:1      | Reached XP level 1. HP: 12/12 MP: 3/3
     0 | D:1      | 0 ||| qw: Version: 0.3-a-155-g5e7d8dd
     0 | D:1      | 0 ||| qw: Game counter: 2111
     0 | D:1      | 0 ||| qw: Melee chars always use a shield: true
     0 | D:1      | 0 ||| qw: God list: Okawaru
     0 | D:1      | 0 ||| qw: Allow faded altars: false
     0 | D:1      | 0 ||| qw: Do Orc after clearing Dungeon:15 true
     0 | D:1      | 0 ||| qw: Do second Lair branch before Depths: true
     0 | D:1      | 0 ||| qw: Lair rune preference: random
     0 | D:1      | 0 ||| qw: Goals: Normal
     0 | D:1      | 0 ||| PLANNING D:1-11
    75 | D:1      | Reached XP level 2. HP: 16/16 MP: 4/4
   104 | D:1      | Reached skill level 6 in Ranged Weapons
   130 | D:1      | Found a faded altar of an unknown god.
   323 | D:1      | Reached XP level 3. HP: 20/20 MP: 5/5
   817 | D:1      | 817 ||| READING scroll labelled UREJOA FINTAE.
   918 | D:1      | 918 ||| READING scroll labelled BYMICL PONA.
  1019 | D:1      | 1019 ||| DROPPING scroll of butterflies.
  1049 | D:2      | 1049 ||| STAIRDANCE
  1128 | D:2      | 1128 ||| STAIRDANCE
  1137 | D:1      | HP: 5/20 [jackal (1)]
  1141 | D:1      | Reached skill level 7 in Ranged Weapons
  1206 | D:2      | 1206 ||| STAIRDANCE
  1220 | D:2      | 1220 ||| STAIRDANCE
  1507 | D:2      | Reached XP level 4. HP: 24/25 MP: 6/6
  1677 | D:2      | 1677 ||| UPGRADING to +0 ring mail.
  1687 | D:2      | 1687 ||| DROPPING +0 leather armour.
  1688 | D:2      | 1688 ||| READING scroll labelled APNUD TOYJA.
  1689 | D:2      | 1689 ||| READING scroll labelled JOSION RUYCUTA.
  1690 | D:2      | 1690 ||| READING scroll labelled EXEUPS KOSCHYGU.
  1691 | D:2      | 1691 ||| READING scroll labelled QEYSUO TISCHEO.
  1691 | D:2      | 1691 ||| ENCHANTING +0 ring mail.
  2058 | D:3      | 2058 ||| READING scroll of enchant armour.
  2058 | D:3      | 2058 ||| ENCHANTING +1 ring mail.
  2101 | D:3      | Reached skill level 8 in Ranged Weapons
  2285 | D:3      | Found a hide-covered altar of Uskayaw.
  2435 | D:3      | 2435 ||| UPGRADING to +0 helmet of intelligence.
  2440 | D:3      | 2440 ||| READING scroll labelled FOEMNO XO ANE.
  2441 | D:3      | 2441 ||| READING scroll labelled MINORGH TITA.
  2441 | D:3      | 2441 ||| IDENTIFYING brown potion
  2442 | D:3      | 2442 ||| READING scroll labelled GUETUO YSEVEWN.
  2624 | D:4      | 2624 ||| RETREEEEATING.
  2625 | D:4      | 2625 ||| RETREEEEATING.
  2627 | D:4      | 2627 ||| RETREEEEATING.
  2629 | D:4      | 2629 ||| RETREEEEATING.
  2630 | D:4      | 2630 ||| RETREEEEATING.
  2631 | D:4      | 2631 ||| RETREEEEATING.
  2632 | D:4      | 2632 ||| RETREEEEATING.
  2633 | D:4      | 2633 ||| RETREEEEATING.
  2634 | D:4      | 2634 ||| RETREEEEATING.
  2635 | D:4      | 2635 ||| RETREEEEATING.
  2636 | D:4      | 2636 ||| RETREEEEATING.
  2637 | D:4      | 2637 ||| RETREEEEATING.
  2642 | D:4      | Reached XP level 5. HP: 22/29 MP: 7/7
  2653 | D:4      | HP: 6/29 [gnoll/+0 whip (2)]
  2654 | D:4      | 2654 ||| READING scroll of teleportation.
  2657 | D:4      | 2657 ||| FLEEEEING.
  2658 | D:4      | 2658 ||| FLEEEEING.
  2663 | D:4      | HP: 5/29 [dart slug/slug dart (4)]
  2805 | D:4      | Found an opulent altar of Gozag.
  2841 | D:4      | Found a shimmering blue altar of Sif Muna.
  2841 | D:4      | Found a white marble altar of Elyvilon.
  3079 | D:4      | 3079 ||| UPGRADING to +5 ring of evasion.
  3080 | D:4      | 3080 ||| READING 2 scrolls of identify.
  3080 | D:4      | 3080 ||| IDENTIFYING bubbling yellow potion
  3081 | D:4      | 3081 ||| READING scroll of identify.
  3081 | D:4      | 3081 ||| IDENTIFYING puce potion
  3082 | D:4      | 3082 ||| READING scroll labelled LIESHOFFERAN.
  3101 | D:5      | Entered Level 5 of the Dungeon
  3110 | D:5      | Reached skill level 9 in Ranged Weapons
  3111 | D:5      | Found a staircase to the Ecumenical Temple.
  3112 | D:5      | 3112 ||| PLANNING TEMPLE
  3126 | Temple   | Entered the Ecumenical Temple
  3127 | Temple   | 3127 ||| PLANNING OKAWARU WORSHIP
  3131 | Temple   | Became a worshipper of Warmaster Okawaru
  3132 | Temple   | 3132 ||| PLANNING D:1-11
  3218 | D:5      | 3218 ||| RETREEEEATING.
  3221 | D:5      | 3221 ||| RETREEEEATING.
  3224 | D:5      | HP: 6/30 [gnoll/+0 flail[a gnoll sergeant] (7)]
  3226 | D:5      | Slain by a gnoll

Levels and vault maps discovered:
D:1:      nagdon_arrival_zigzag_paths, layout_basic,
          hellmonk_ecumenical_altar_defaced_shrine
D:2:      layout_basic, guppyfry_early_lair_pool
D:3:      layout_loops_ring, overflow_temple_1_default
D:4:      layout_basic, gammafunk_temple_overflow_elements, lemuel_crystal_altar
D:5:      layout_rooms, lemuel_tele_altar, mainiacjoe_overflow_alcove_2,
          minmay_temple_entry_trees, feat_on_display, uniq_eustachio
Temple:   compressed_dpeg_circular_temple

Skill      XL: |  1  2  3  4  5 |
---------------+----------------+-----
Ranged Weapons | 6 7 8 9 |  9.2
Fighting       | 2 |  2.0
Dodging        | |  2.4
Stealth        | |  1.2

Action                     |  1- 3 |  4- 6 || total
---------------------------+-------+-------++-------
   Fire: Shortbow          |   125 |   151 ||   276
    Use: Scroll            |     2 |    12 ||    14
 Armour: Leather armour    |    34 |       ||    34
         Ring mail         |       |    67 ||    67
  Dodge: Dodged            |    44 |    57 ||   101

Table legend:
 A = Non-vault XP
 B = Vault XP
 C = Vault XP percentage of total XP
 D = Non-vault monster count
 E = Vault monster count
 F = Vault count percentage of total count
                 A         B        C        D         E       F
            +---------+---------+-------+---------+---------+-------
      Total |     353 |       3 |   0.8 |      83 |       2 |   2.4
            +---------+---------+-------+---------+---------+-------
        D:1 |      69 |       3 |   4.2 |      32 |       2 |   5.9
        D:2 |      42 |       0 |   0.0 |      17 |       0 |   0.0
        D:3 |      45 |       0 |   0.0 |      13 |       0 |   0.0
        D:4 |     113 |       0 |   0.0 |      16 |       0 |   0.0
        D:5 |      84 |       0 |   0.0 |       5 |       0 |   0.0
            +---------+---------+-------+---------+---------+-------
